 Dungeon Crawl Stone Soup version 0.26.1-11-gd32895ea62 (webtiles) character file.

Game seed: 10114535654715977810

1759 nightchill the Spear-Bearer (level 9, -3/74 HPs)
             Began as a Merfolk Fighter on Apr 28, 2021.
             Slain by a troll (10 damage)
             ... on level 9 of the Dungeon.
             The game lasted 00:11:36 (6247 turns).

nightchill the Spear-Bearer (Merfolk Fighter)       Turns: 6247, Time: 00:11:37

Health: -3/74      AC:  8    Str: 20    XL:     9   Next: 6%
Magic:  0/9        EV:  8    Int:  7    God:
Gold:   335        SH:  9    Dex: 13    Spells: 8/8 levels left

rFire    + . .     SeeInvis .   a - +0 trident
rCold    + . .     Faith    .   c - +0 kite shield
rNeg     . . .     Spirit   +   F - +0 ring mail {rPois}
rPois    +         Reflect  .   i - +1 hat
rElec    .         Harm     .   (no cloak)
rCorr    .         Rampage  .   f - +1 pair of gloves
Will     .....                  (no boots)
Stlth    +.........             t - amulet of guardian spirit
HPRegen  0.22/turn              l - ring of protection from cold
MPRegen  0.11/turn              p - ring of protection from fire (curse)

@: no status effects
A: change form in water, swift swim, stealthy swim
a: no special abilities


You were on level 9 of the Dungeon.
You visited 1 branch of the dungeon, and saw 7 of its levels.

You collected 335 gold pieces.

Inventory:

Hand Weapons
 a - a +0 trident (weapon)
 x - a +1 antimagic morningstar
Missiles
 H - 7 datura-tipped darts (quivered)
Armour
 b - a +0 scale mail
 c - a +0 kite shield (worn)
 f - a +1 pair of gloves (worn)
 i - a +1 hat (worn)
 q - a +0 ring mail
 F - a +0 ring mail of poison resistance (worn)
Magical Staves
 y - an uncursed staff of death {unknown}
Jewellery
 l - a ring of protection from cold (left hand)
 p - a cursed ring of protection from fire (right hand)
 t - an amulet of guardian spirit (around neck)
 C - an uncursed ring of ice {unknown}
 G - an uncursed ring of wizardry {unknown}
Scrolls
 d - a scroll of identify
 h - a scroll of remove curse {unknown}
 m - a scroll of fog {unknown}
 n - a scroll of holy word {unknown}
 o - a scroll of random uselessness {unknown}
 r - 3 scrolls of teleportation {unknown}
 s - a scroll of blinking {unknown}
 u - 2 scrolls of immolation {unknown}
 v - 2 scrolls of enchant weapon {unknown}
 A - a scroll of enchant armour {unknown}
 I - a scroll of magic mapping {unknown}
Potions
 e - 4 potions of lignification
 g - 4 potions of curing
 k - a potion of attraction {unknown}
 w - a potion of magic {unknown}
 D - 3 potions of resistance
 E - a potion of cancellation


   Skills:
 + Level 7.8 Fighting
 * Level 13.0 Polearms
 - Level 2.1 Armour
 - Level 3.0 Shields


You had 8 spell levels left.
You didn't know any spells.
Your spell library contained the following spells:

 Spells                   Type           Power        Failure   Level
 Animate Skeleton         Necr           0%           98%         1
 Pain                     Necr           0%           98%         1
 Vampiric Draining        Necr           0%           100%        3
 Animate Dead             Necr           0%           100%        4
 Agony                    Necr           0%           100%        5


Dungeon Overview and Level Annotations

Branches:
Dungeon (9/15)
 Temple: D:4-7         Lair: D:8-11         Orc: D:9-12

Altars:
Fedhas
Hepliaklqana
Okawaru
Qazlal
Uskayaw
Zin

Shops:
D:9 *


Message History

The troll is severely wounded.
You closely miss the troll.
The troll is severely wounded.
The troll bites you!
* * * LOW HITPOINT WARNING * * *
You block the troll's attack. x2
You hit the troll but do no damage.
The troll is severely wounded.
The troll completely misses you. You block the troll's attack.
The troll claws you.
* * * LOW HITPOINT WARNING * * *
You barely miss the troll.
The troll is severely wounded.
You block the troll's attack. The troll barely misses you. The troll claws you!
* * * LOW HITPOINT WARNING * * *
It was a potion of cancellation.
You feel magically purged. The troll barely misses you. The troll claws you.
* * * LOW HITPOINT WARNING * * *
The troll claws you!
You die...

######.......#
#.#########...
.............# #.#
#.......
#######......#######.#
#.######
..^...'............#.#
#.##....
#######......####.##.#
#.###...
########.....#.#
#.......
#.##..#.#########...
#.#T..#.!......(....
#.#@..######..()####
#.#...# #.##)# #.##.##
#.##(# #.##.. .(##.#
(.....# #####.#
####### #.. ###


You could see a troll (corroded).

Vanquished Creatures
  A steam dragon (D:9)
  Menkaure (D:5)
  Edmund (D:4)
  2 orc warriors
  An ice beast (D:9)
  A sky beast (D:5)
  A phantom (D:9)
  An ogre (D:5)
  A centaur (D:5)
  A big kobold (D:9)
  2 hounds
  A jelly (D:9)
  4 orc priests
  Jessica (D:3)
  An iguana (D:9)
  Ijyb (D:3)
  5 orc wizards
  2 worker ants
  A howler monkey zombie (D:5)
  A worker ant zombie (D:5)
  3 gnolls
  6 adders
  2 white imps (D:5)
  An ufetubus (D:9)
  A worm (D:2)
  2 dart slugs
  4 leopard geckos
  20 orcs
  4 giant cockroaches
  7 goblins
  12 hobgoblins
  2 jackals (D:4)
  7 kobolds
  2 quokkas (D:5)
  2 ball pythons (D:1)
  6 bats
  9 frilled lizards
  A quokka skeleton (D:4)
  9 rats
130 creatures vanquished.

Vanquished Creatures (others)
  A fungus (D:5)
1 creature vanquished.

Grand Total: 131 creatures vanquished

Notes
Turn   | Place    | Note
-------+----------+-------------------------------------------
     0 | D:1      | nightchill the Merfolk Fighter began the quest for the Orb.
     0 | D:1      | Reached XP level 1. HP: 18/18 MP: 1/1
   209 | D:1      | Reached XP level 2. HP: 18/24 MP: 2/2
   477 | D:1      | Reached skill level 4 in Polearms
   634 | D:1      | Reached XP level 3. HP: 26/30 MP: 3/3
  1122 | D:2      | Reached skill level 5 in Polearms
  1307 | D:2      | Reached XP level 4. HP: 37/37 MP: 4/4
  1784 | D:3      | Reached skill level 6 in Polearms
  1872 | D:3      | You fall into a shaft and drop 1 floor!
  1883 | D:4      | Reached XP level 5. HP: 33/43 MP: 5/5
  2499 | D:3      | Noticed Ijyb
  2511 | D:3      | Killed Ijyb
  2512 | D:3      | Reached skill level 7 in Polearms
  2709 | D:3      | Noticed Jessica
  2719 | D:3      | Killed Jessica
  3081 | D:3      | Reached XP level 6. HP: 34/50 MP: 4/6
  3338 | D:4      | Noticed Edmund
  3344 | D:4      | Killed Edmund
  3345 | D:4      | Reached skill level 5 in Fighting
  3345 | D:4      | Reached skill level 8 in Polearms
  3667 | D:5      | Entered Level 5 of the Dungeon
  3774 | D:5      | Reached skill level 9 in Polearms
  3774 | D:5      | Reached XP level 7. HP: 45/56 MP: 5/7
  3836 | D:5      | Found a stormy altar of Qazlal.
  3954 | D:5      | Noticed a +0 dagger
  3955 | D:5      | Found a hide-covered altar of Uskayaw.
  3955 | D:5      | Noticed a +0 hand axe
  4496 | D:5      | Noticed Menkaure
  4507 | D:5      | Killed Menkaure
  4508 | D:5      | Reached skill level 10 in Polearms
  4522 | D:5      | Reached XP level 8. HP: 65/65 MP: 8/8
  4534 | D:5      | Found a blossoming altar of Fedhas.
  5112 | D:5      | Reached skill level 11 in Polearms
  5323 | D:6      | You fall into a shaft and drop 3 floors!
  5458 | D:9      | Found Zin's Purification Station.
  5463 | D:9      | Found a glowing silver altar of Zin.
  5525 | D:9      | Reached skill level 12 in Polearms
  5741 | D:9      | Found an iron altar of Okawaru.
  5741 | D:9      | Found a hazy altar of Hepliaklqana.
  6186 | D:9      | Reached skill level 13 in Polearms
  6186 | D:9      | Reached XP level 9. HP: 71/74 MP: 7/9
  6228 | D:9      | Noticed a troll
  6247 | D:9      | Slain by a troll

Illustrated notes

Levels and vault maps discovered:
D:1:      nicolae_arrival_memento_mori, layout_basic
D:2:      layout_rooms, nicolae_overflow_hidden_temple
D:3:      minmay_general_purpose_star, layout_basic, uniq_jessica, uniq_ijyb
D:4:      layout_cave_pools, uniq_edmund
D:5:      layout_basic, grunt_temple_overflow_forces_of_nature,
          dancing_weapons_uskayaw, uniq_menkaure
D:6:      wad_guarded_room, layout_layer_cave, lemuel_doored_altar,
          vehumet_statue, corexii_corridor_pit, guppyfry_early_elven_hall
D:9:      layout_basic, overflow_temple_1_default,
          amethyst_overflow_temple_binary, zin_purify,
          lemuel_coloured_pillars_altar

Skill      XL: |  1  2  3  4  5  6  7  8 |
---------------+-------------------------+-----
Polearms       | 4 5 6 7 9 10 13 | 13.0
Fighting       | 4 5 6 7 |  7.8
Armour         | |  2.1
Shields        | |  3.0

Action                   |  1- 3 |  4- 6 |  7- 9 || total
-------------------------+-------+-------+-------++-------
Melee: Trident           |   135 |   223 |   249 ||   607
Throw: Throwing net      |       |     2 |     1 ||     3
Evoke: Wand              |       |     4 |     2 ||     6
  Use: Potion            |       |       |     4 ||     4
       Scroll            |       |       |     5 ||     5
 Stab: Held in net/web   |       |     3 |       ||     3
Armor: Scale mail        |    22 |       |       ||    22
       Ring mail         |    23 |    59 |    48 ||   130
Dodge: Dodged            |    22 |    43 |    50 ||   115
Block: Kite shield       |    46 |    73 |    65 ||   184
